 Dungeon Sprint DCSS version 0.20.1-1-g8b1a95d66d (webtiles) character file.

8700000 Jannitor the Conqueror (level 27, -5/273 HPs)
             Began as a Grey Draconian Chaos Knight on Nov 23, 2017.
             Was the Champion of Makhleb.
             Slain by The Servant
             ... wielding a +9 glaive of flaming
              (99 damage)
             ... in the Dungeon (Sprint VIII: "Arena of Blood").
             The game lasted 00:04:23 (87 turns).

Jannitor the Conqueror (Grey Draconian Chaos Knight)  Turns: 87, Time: 00:04:24

Health: -5/273     AC: 18    Str: 20    XL:     27
Magic:  34/54      EV: 33    Int: 14    God:    Makhleb [******]
Gold:   0          SH:  0    Dex: 17    Spells: 80/80 levels left

rFire    + . .     SeeInvis .   i - +∞ Axe of Woe
rCold    . . .     Gourm    .   (shield currently unavailable)
rNeg     . . .     Faith    .   (armour unavailable)
rPois    .         Spirit   .   (helmet restricted)
rElec    .         Reflect  .   (no cloak)
rCorr    .         Harm     .   (no gloves)
MR       ++...     NoTele   +   (no boots)
Stlth    +++++++++.             (no amulet)
Regen    0.6/turn               j - ring of protection from fire
MPRegen  0.4/turn               (no ring)

@: no status effects
A: walk through water, unfitting armour, unbreathing, cold-blooded, AC +18
a: Minor Destruction, Lesser Servant of Makhleb, Major Destruction, Greater
Servant of Makhleb, Renounce Religion


You were in the Dungeon.
You worshipped Makhleb.
Makhleb was exalted by your worship.
You were not hungry.

You visited 1 branch

Inventory:

Hand Weapons
 a - a +0 hand axe of chaos
 i - the +∞ Axe of Woe (weapon)
   (You found it in the Dungeon)
Jewellery
 j - a ring of protection from fire (left hand)
Scrolls
 h - a scroll of blinking
Potions
 c - a potion of curing
 d - a potion of heal wounds
 e - a potion of haste
 f - 2 potions of magic
 g - a potion of berserk rage
Comestibles
 b - a bread ration


   Skills:
 O Level 27 Fighting
   Level 0.2 Short Blades
 O Level 27 Axes
 O Level 27 Throwing
 O Level 27 Dodging
 O Level 27 Stealth
 O Level 27 Unarmed Combat
 O Level 27 Spellcasting
 O Level 27 Invocations


You had 80 spell levels left.
You didn't know any spells.

Dungeon Overview and Level Annotations

Branches:
Dungeon (1/1)

Altars:
Makhleb

Annotations:
D The Servant


Innate Abilities, Weirdness & Mutations

You can walk through water.
Your dull iron-grey scales are very hard. (AC +18)
You cannot fit into any form of body armour.
You can survive without breathing.
You are cold-blooded and may be slowed by cold attacks.


Message History

The eight-headed meat hydra convulses!
The Servant convulses!
You feel a surge of unholy energy.
You hear a shout!
You slice the meat beast!!
You butcher the meat beast messily.
You kill the meat beast!
Makhleb accepts your kill.
You feel better.
You slash the destroyer!
You dissect the destroyer like a pig carcass.
You destroy the destroyer!
Makhleb accepts your kill.
You feel better.
You are engulfed in blazing flames.
You resist.
You hear a shout! x4
A bolt of negative energy appears from out of thin air!
The bolt of negative energy misses you.
The accursed gestures at you while chanting.
Something smites you!
You hear a shout! x3
The Servant is engulfed in blazing flames.
The Servant hits you from afar with a +9 glaive of flaming!!!!
You die...

### ###... ####......
####.........
#%..........#
#....§§§....%
#....§§@D....
#....@§§###.
#%...)###......#......
#..§§#).2.............
#..§§§M..#............
#.§§§§..X.#......§.#..
#.§§§........#.... #..
#.§.......#......###..
#.%).#........x)x...).
#.)).##.....)X#).)).).


You could see an accursed, The Servant, an eight-headed meat hydra and a large
abomination.

Vanquished Creatures
  4 hell beasts (D)
  A greater mummy (D)
  3 wraiths (D)
  A lich (D)
  63 orcs (D)
  3 skeletal warriors (D)
  4 large abominations (D)
  3 crawling corpses (D)
  12 vampire knights (D)
  22 ogres (D)
  5 two-headed ogres (D)
121 creatures vanquished.

Vanquished Creatures (others)
  5 crawling corpses (D)
5 creatures vanquished.

Grand Total: 126 creatures vanquished

Notes
Turn   | Place    | Note
-------+----------+-------------------------------------------
     0 | D        | Jannitor the Draconian Chaos Knight began the quest for the Orb.
     0 | D        | Reached XP level 1. HP: 19/19 MP: 1/1
     4 | D        | Fell from the grace of Xom
     4 | D        | Became a worshipper of Makhleb the Destroyer
     5 | D        | Noticed a bag of meat
     6 | D        | Noticed a bag of meat
     6 | D        | Noticed a bag of meat
     6 | D        | Noticed a bag of meat
     7 | D        | Noticed a bag of meat
     7 | D        | Noticed a bag of meat
    10 | D        | Noticed a meat berserker
    10 | D        | Killed a bag of meat
    10 | D        | Reached XP level 2. HP: 55/55 MP: 2/2
    10 | D        | Reached XP level 3. HP: 62/62 MP: 3/3
    10 | D        | Reached XP level 4. HP: 70/70 MP: 4/4
    10 | D        | Reached XP level 5. HP: 77/77 MP: 5/5
    10 | D        | Reached XP level 6. HP: 85/85 MP: 6/6
    10 | D        | Your scales start taking on a dull iron-grey colour.
    10 | D        | Reached XP level 7. HP: 92/92 MP: 7/7
    10 | D        | Gained mutation: You can survive without breathing. [Grey Draconian growth]
    10 | D        | Reached XP level 8. HP: 100/100 MP: 8/8
    10 | D        | Reached XP level 9. HP: 107/107 MP: 9/9
    10 | D        | Reached XP level 10. HP: 115/115 MP: 10/10
    10 | D        | Reached XP level 11. HP: 122/122 MP: 11/11
    10 | D        | Killed a bag of meat
    10 | D        | Reached * piety under Makhleb
    10 | D        | Reached XP level 12. HP: 136/136 MP: 12/12
    11 | D        | Killed a bag of meat
    11 | D        | Reached XP level 13. HP: 148/148 MP: 13/13
    11 | D        | Killed a bag of meat
    11 | D        | Reached skill level 15 in Dodging
    11 | D        | Reached XP level 14. HP: 160/160 MP: 14/14
    11 | D        | Killed a bag of meat
    11 | D        | Reached ** piety under Makhleb
    11 | D        | Noticed a bag of meat
    13 | D        | Noticed a meat berserker
    14 | D        | Noticed a meat berserker
    14 | D        | Noticed a meat berserker
    14 | D        | Killed a meat berserker
    14 | D        | Reached skill level 27 in Fighting
    14 | D        | Reached skill level 27 in Axes
    14 | D        | Reached XP level 15. HP: 174/174 MP: 15/15
    17 | D        | Killed a meat berserker
    17 | D        | Reached *** piety under Makhleb
    17 | D        | Reached skill level 27 in Dodging
    17 | D        | Reached XP level 16. HP: 183/183 MP: 16/16
    18 | D        | Killed a meat berserker
    18 | D        | Reached skill level 10 in Invocations
    18 | D        | Reached XP level 17. HP: 191/191 MP: 16/29
    18 | D        | Killed a meat berserker
    19 | D        | Noticed a meat berserker
    20 | D        | Noticed a meat berserker
    20 | D        | Killed a meat berserker
    20 | D        | Reached **** piety under Makhleb
    20 | D        | Reached skill level 15 in Stealth
    20 | D        | Reached skill level 15 in Unarmed Combat
    20 | D        | Reached XP level 18. HP: 200/200 MP: 16/36
    20 | D        | Killed a meat berserker
    21 | D        | Noticed a meat berserker
    22 | D        | Noticed a destroyer
    23 | D        | Noticed a meat berserker
    23 | D        | Noticed a meat berserker
    23 | D        | Noticed a meat berserker
    23 | D        | Noticed a destroyer
    23 | D        | Noticed a meat berserker
    24 | D        | Noticed a destroyer
    24 | D        | Noticed a meat berserker
    24 | D        | Noticed a meat berserker
    24 | D        | Noticed a meat berserker
    24 | D        | Killed a destroyer
    24 | D        | Reached skill level 27 in Stealth
    24 | D        | Reached XP level 19. HP: 207/207 MP: 17/39
    24 | D        | Killed a meat berserker
    25 | D        | Noticed a meat berserker
    25 | D        | Reached ***** piety under Makhleb
    25 | D        | Reached XP level 20. HP: 216/216 MP: 17/44
    26 | D        | Noticed a meat berserker
    26 | D        | Noticed a destroyer
    26 | D        | Noticed a large bag of meat
    27 | D        | Noticed a destroyer
    27 | D        | Killed a meat berserker
    27 | D        | Killed a meat berserker
    28 | D        | Killed a meat berserker
    28 | D        | Reached skill level 27 in Invocations
    28 | D        | Reached XP level 21. HP: 224/224 MP: 18/50
    28 | D        | Reached skill level 27 in Throwing
    28 | D        | Reached skill level 27 in Unarmed Combat
    28 | D        | Reached skill level 27 in Spellcasting
    29 | D        | Reached ****** piety under Makhleb
    29 | D        | Reached XP level 22. HP: 233/233 MP: 18/53
    30 | D        | Killed a destroyer
    31 | D        | Noticed a destroyer
    31 | D        | Killed a destroyer
    31 | D        | Reached XP level 23. HP: 240/240 MP: 18/54
    32 | D        | Reached XP level 24. HP: 249/249 MP: 19/54
    33 | D        | Killed a destroyer
    34 | D        | Noticed a destroyer
    35 | D        | Reached XP level 25. HP: 257/257 MP: 19/54
    36 | D        | Reached XP level 26. HP: 266/266 MP: 20/54
    38 | D        | Noticed a destroyer
    38 | D        | Killed a large bag of meat
    39 | D        | Reached XP level 27. HP: 270/273 MP: 20/54
    40 | D        | Noticed a large bag of meat
    41 | D        | Killed a destroyer
    42 | D        | Noticed a destroyer
    43 | D        | Noticed a large bag of meat
    45 | D        | Noticed a large bag of meat
    46 | D        | Noticed an accursed
    46 | D        | Noticed a tyrant
    46 | D        | Noticed an accursed
    47 | D        | Killed a destroyer
    47 | D        | Killed a destroyer
    55 | D        | Killed a large bag of meat
    57 | D        | Noticed a destroyer
    58 | D        | Killed a destroyer
    59 | D        | Killed a destroyer
    64 | D        | Killed a destroyer
    64 | D        | Killed a tyrant
    65 | D        | Noticed a meat beast
    66 | D        | Noticed an accursed
    66 | D        | Noticed a dread
    68 | D        | Noticed a dread
    71 | D        | Killed a large bag of meat
    72 | D        | Noticed a dread
    73 | D        | Noticed a destroyer
    73 | D        | Noticed a large bag of meat
    73 | D        | Noticed The Servant
    74 | D        | Killed an accursed
    75 | D        | Noticed a meat beast
    75 | D        | Killed a large bag of meat
    76 | D        | Killed a dread
    77 | D        | Killed a meat beast
    78 | D        | Noticed a meat beast
    79 | D        | Killed a dread
    80 | D        | Noticed a destroyer
    80 | D        | Killed a dread
    80 | D        | Noticed a meat beast
    82 | D        | Killed a meat beast
    83 | D        | Killed a meat beast
    83 | D        | Killed a large bag of meat
    84 | D        | Killed a destroyer
    85 | D        | Noticed a meat beast
    86 | D        | HP: 3/273 [The Servant/+9 glaive of flaming (16)]
    87 | D        | Killed a meat beast
    87 | D        | Killed a destroyer
    87 | D        | Slain by The Servant

Skill      XL: |  1  2  3  4  5  6  7  8  9 10 11 12 13 14 15 16 17 18 19 20 21 |
---------------+----------------------------------------------------------------+-----
Fighting       | 19 21 23 24 27 | 27.0
Axes           | 18 21 22 24 27 | 27.0
Dodging        | 11 13 14 15 19 27 | 27.0
Throwing       | 8 14 16 20 25 27 | 27.0
Stealth        | 9 15 27 | 27.0
Unarmed Combat | 9 15 17 21 26 27 | 27.0
Spellcasting   | 8 14 16 20 25 27 | 27.0
Invocations    | 10 16 19 23 27 | 27.0
Short Blades   | |  0.2

Action                   |  1- 3 |  4- 6 |  7- 9 | 10-12 | 13-15 | 16-18 | 19-21 | 22-24 | 25-27 || total
-------------------------+-------+-------+-------+-------+-------+-------+-------+-------+-------++-------
Melee: Executioner's axe |     1 |       |       |     1 |     3 |     4 |     4 |     5 |    30 ||    48
Armor: Skin              |       |       |       |       |       |       |       |       |     7 ||     7
Dodge: Dodged            |       |       |       |     1 |       |       |       |     3 |     7 ||    11
